[Event "Championship"]
[Site "Chess.com"]
[Date "2021.02.13"]
[Round "1"]
[White "Levine, Joseph"]
[Black "Porter, Ryan"]
[Result "1/2-1/2"]
[ECO "B07"]
[WhiteElo "2179"]
[BlackElo "2310"]
[PlyCount "122"]
[EventDate "2021.??.??"]
[TimeControl "3600+10"]

1. e4 d6 2. d4 Nf6 3. Nc3 e5 4. dxe5 dxe5 5. Qxd8+ Kxd8 6. Bg5 Be6 7. f4 exf4
8. Nf3 Nbd7 9. O-O-O Kc8 10. Bxf4 Bc5 11. Be2 c6 12. Ng5 Bb6 13. Rd2 Bc7 14. g3
Re8 15. Rhd1 h6 16. Nxe6 fxe6 17. h4 e5 18. Be3 Bb6 19. Bxb6 axb6 20. Bg4 Re7
21. Bf5 Kc7 22. g4 g5 23. hxg5 hxg5 24. Rd6 Rf8 25. b4 b5 26. a4 bxa4 27. Nxa4
Ra8 28. Nc5 Ra1+ 29. Kb2 Rxd1 30. Rxd1 Nxc5 31. bxc5 Nd7 32. Rd6 Nxc5 33. Rg6
b5 34. Rxg5 Ne6 35. Rg8 Ng7 36. Kb3 Kb6 37. c4 Kc5 38. cxb5 Kxb5 39. Kc3 Kc5
40. Ra8 Ne6 41. Bxe6 Rxe6 42. Rg8 Rh6 43. g5 Rh3+ 44. Kd2 Kd4 45. g6 Rg3 46. g7
Kxe4 47. Rc8 Rxg7 48. Rxc6 Rg2+ 49. Ke1 Kd3 50. Ra6 Re2+ 51. Kd1 Rd2+ 52. Ke1
Ke3 53. Rh6 Ra2 54. Rh3+ Kd4 55. Rg3 e4 56. Rh3 Ra8 57. Rg3 Rh8 58. Ra3 Ke5 59.
Rb3 Kf4 60. Ra3 e3 61. Ra7 Rh1+ {Game drawn by agreement} 1/2-1/2

[Event "Championship"]
[Site "Chess.com"]
[Date "2021.02.13"]
[Round "1"]
[White "Mahajan, Rushaan"]
[Black "Vijayakumar, Advaith"]
[Result "1-0"]
[ECO "E06"]
[WhiteElo "2221"]
[BlackElo "2026"]
[PlyCount "85"]
[EventDate "2021.??.??"]
[TimeControl "3600+10"]

1. Nf3 Nf6 2. g3 e6 3. Bg2 d5 4. c4 Be7 5. d4 O-O 6. Nc3 dxc4 7. Ne5 c5 8. dxc5
Bxc5 9. Qxd8 Rxd8 10. O-O Nbd7 11. Rd1 Kf8 12. Nxc4 Ke7 13. Bf4 Nb6 14. Rxd8
Kxd8 15. Na5 Nbd5 16. Rd1 Ke8 17. Nxd5 Nxd5 18. Bxd5 exd5 19. Rxd5 b6 20. Nb3
Be7 21. f3 Be6 22. Rd1 Rc8 23. Rc1 Rxc1+ 24. Nxc1 Bf6 25. b3 a5 26. Kf2 Kd7 27.
Ke1 Kc6 28. Kd1 b5 29. Nd3 a4 30. Kc2 axb3+ 31. axb3 g5 32. Be5 Be7 33. Bd4 f6
34. e4 h5 35. f4 g4 36. f5 Bd7 37. Nf4 Be8 38. Nd5 Bd6 39. Nxf6 Bf7 40. e5 Be7
41. e6 Bxf6 42. exf7 Be7 43. Bg7 {chesslion06 won by resignation} 1-0

[Event "Championship"]
[Site "Chess.com"]
[Date "2021.02.13"]
[Round "1"]
[White "Airapetian, Chouchanik"]
[Black "Koons, Nat"]
[Result "0-1"]
[ECO "C45"]
[WhiteElo "2104"]
[BlackElo "2290"]
[PlyCount "70"]
[EventDate "2021.??.??"]
[TimeControl "3600+10"]

1. e4 e5 2. Nf3 Nc6 3. d4 exd4 4. Nxd4 Qf6 5. Be3 Qg6 6. Nc3 Bb4 7. Be2 Bxc3+
8. bxc3 Qxe4 9. O-O Nf6 10. Bd3 Qe5 11. Re1 O-O 12. Nf5 Qxc3 13. Bd2 Qc5 14.
Qf3 d6 15. Nxg7 Ng4 16. Nf5 Bxf5 17. Bxf5 Nge5 18. Qh5 Ng6 19. Re3 Rfe8 20. Rh3
Re2 21. Be3 Qe5 22. Rf1 Rxe3 23. fxe3 Qg7 24. Rg3 Re8 25. Qd1 Re5 26. h4 Qh6
27. h5 Rxe3 28. Rff3 Rxf3 29. Qxf3 Nd4 30. Qf2 Qxh5 31. Bxg6 Qd1+ 32. Qf1 Ne2+
33. Kh2 Qxf1 34. Rg4 Qg1+ 35. Kh3 Qh1# {plusequals won by checkmate} 0-1

[Event "Championship"]
[Site "Chess.com"]
[Date "2021.02.13"]
[Round "1"]
[White "Sang, Tian"]
[Black "He, Anthony"]
[Result "1-0"]
[ECO "B40"]
[WhiteElo "2344"]
[BlackElo "2500"]
[PlyCount "93"]
[EventDate "2021.??.??"]
[TimeControl "3600+10"]

1. e4 c5 2. Nf3 e6 3. c3 d5 4. e5 d4 5. Bd3 Bd7 6. Qe2 Bc6 7. Be4 Ne7 8. d3
Bxe4 9. Qxe4 Nbc6 10. O-O Qd5 11. Qe2 dxc3 12. Nxc3 Qd7 13. Rd1 Nf5 14. Qe4 Be7
15. g4 Nfd4 16. Nxd4 Qxd4 17. Nb5 Qd7 18. Bf4 O-O 19. d4 Rfd8 20. dxc5 Qxd1+
21. Rxd1 Rxd1+ 22. Kg2 Rd5 23. Nd6 Rxc5 24. Nxb7 Rd5 25. Qc2 Nxe5 26. Bxe5 Rxe5
27. Qc7 Bf6 28. Nd6 Rf8 29. Qxa7 Re2 30. b4 Bh4 31. a4 Bxf2 32. Qa6 Ra2 33. Qc4
Rb2 34. Kf3 Be1 35. b5 Rb4 36. Qc1 Bh4 37. a5 Be7 38. Nc8 Rb3+ 39. Ke2 Bb4 40.
a6 Rc3 41. Ne7+ Kh8 42. Qb2 Rc4 43. Nc6 Bd6 44. a7 Rxg4 45. Qa1 Ra8 46. b6 Re4+
47. Kd3 {pawnbing won by resignation} 1-0

[Event "Championship"]
[Site "Chess.com"]
[Date "2021.02.13"]
[Round "1"]
[White "Lee, Megan"]
[Black "Readey, John"]
[Result "0-1"]
[ECO "B08"]
[WhiteElo "2329"]
[BlackElo "2289"]
[PlyCount "118"]
[EventDate "2021.??.??"]
[TimeControl "3600+10"]

1. e4 d6 2. d4 Nf6 3. Nc3 g6 4. Be3 c6 5. h3 Nbd7 6. Nf3 Qc7 7. Qd2 b5 8. a3
Bg7 9. Be2 Bb7 10. O-O O-O 11. Bh6 a6 12. Rfe1 e5 13. Bxg7 Kxg7 14. Rad1 Rad8
15. Bf1 Rfe8 16. dxe5 dxe5 17. Nh4 h6 18. Qe3 Nf8 19. Ne2 Ne6 20. Ng3 Nf4 21.
c4 Rxd1 22. Rxd1 Rd8 23. Rc1 Qd7 24. Nf3 Qe7 25. Qb6 Rd6 26. Nh4 Bc8 27. c5 Qd8
28. Qxd8 Rxd8 29. Nf3 Re8 30. Rd1 Bd7 31. b4 Re7 32. Bd3 Ne8 33. Bc2 f6 34. Bb3
Be6 35. Bxe6 Nxe6 36. Kf1 Kf7 37. Ne2 Ra7 38. Nc1 a5 39. Nd3 axb4 40. axb4 Ke7
41. g3 N8c7 42. Ke2 Nd4+ 43. Nxd4 exd4 44. Nf4 g5 45. Nd3 Ne6 46. f4 Ra2+ 47.
Rd2 Ra4 48. Kf3 h5 49. e5 f5 50. h4 g4+ 51. Ke2 Nc7 52. Rb2 Nd5 53. Kd2 Ke6 54.
Kc2 Nc3 55. Nc1 Ne4 56. Rb3 Kd5 57. Ne2 Ra2+ 58. Rb2 d3+ 59. Kc1 Rxb2 {
mtbakerchess won by resignation} 0-1

[Event "Premier"]
[Site "Chess.com"]
[Date "2021.02.13"]
[Round "1"]
[White "Anand, Vignesh"]
[Black "Haining, Kyle"]
[Result "0-1"]
[ECO "A38"]
[WhiteElo "2085"]
[BlackElo "2288"]
[PlyCount "76"]
[EventDate "2021.??.??"]
[TimeControl "3600+10"]

1. Nf3 g6 2. g3 Bg7 3. c4 Nf6 4. Bg2 O-O 5. O-O c5 6. Nc3 Nc6 7. d3 d6 8. e4 a6
9. h3 Rb8 10. Be3 Ne8 11. d4 cxd4 12. Nxd4 Nc7 13. Qd2 Ne6 14. Nxc6 bxc6 15.
Rac1 c5 16. b3 Bd7 17. Bh6 a5 18. Bxg7 Kxg7 19. Rfd1 Nd4 20. f4 Bxh3 21. Ne2
Bxg2 22. Kxg2 e5 23. Nxd4 exd4 24. f5 Qe7 25. Re1 h5 26. Qxa5 Qg5 27. Qc7 Rbd8
28. fxg6 h4 29. gxf7 Rxf7 30. Qxd8 Qxd8 31. Rf1 Rxf1 32. Rxf1 Qg5 33. Rf3 Qg4
34. Kf2 h3 35. Rf4 Qd1 36. Rh4 Qd2+ 37. Kf3 Qg2+ 38. Kf4 h2 {5sight won by
resignation} 0-1

[Event "Premier"]
[Site "Chess.com"]
[Date "2021.02.13"]
[Round "1"]
[White "Novitski, Charles"]
[Black "Whale, Nicholas"]
[Result "1/2-1/2"]
[ECO "B33"]
[WhiteElo "2073"]
[BlackElo "2074"]
[PlyCount "123"]
[EventDate "2021.??.??"]
[TimeControl "3600+10"]

1. e4 c5 2. Nf3 Nc6 3. d4 cxd4 4. Nxd4 Nf6 5. Nc3 e5 6. Ndb5 d6 7. Bd3 a6 8.
Na3 b5 9. Nd5 Nxd5 10. exd5 Ne7 11. c4 f5 12. cxb5 Nxd5 13. bxa6 Nc7 14. O-O
Be7 15. Qb3 Nxa6 16. Bb5+ Bd7 17. Bxd7+ Qxd7 18. Bd2 d5 19. Rad1 Nc7 20. Bc3
Bxa3 21. bxa3 e4 22. Bb4 Rd8 23. f3 Qe6 24. fxe4 dxe4 25. Rxd8+ Kxd8 26. Qxe6
Nxe6 27. Rxf5 Re8 28. Re5 Nc7 29. Rxe8+ Kxe8 30. Kf2 Nd5 31. Bc5 Kd7 32. Bd4 g6
33. g3 Kc6 34. a4 Kb7 35. a5 Ka6 36. Bb6 Kb5 37. h4 h5 38. Bd8 Ka6 39. Ke2 Kb5
40. Kd2 Ka6 41. Kc2 Ne3+ 42. Kc3 Kb7 43. Bg5 Nf5 44. Bf4 Ka6 45. Bc7 Kb7 46.
Bf4 Ka6 47. Kb4 Kb7 48. Be5 Ka6 49. Bc7 Kb7 50. Bf4 Ka6 51. Kc4 Kxa5 52. Kd5 e3
53. Ke4 e2 54. Bd2+ Ka4 55. Be1 Ka3 56. Kf4 Kxa2 57. g4 hxg4 58. Kxg4 Kb2 59.
Kg5 Kc2 60. Kxg6 Nxh4+ 61. Bxh4 e1=Q 62. Bxe1 {Game drawn - insufficient
material} 1/2-1/2

[Event "Premier"]
[Site "Chess.com"]
[Date "2021.02.13"]
[Round "1"]
[White "Nguyen, Thanh"]
[Black "Razmov, Valentin"]
[Result "1-0"]
[ECO "C54"]
[WhiteElo "2053"]
[BlackElo "1986"]
[PlyCount "85"]
[EventDate "2021.??.??"]
[TimeControl "3600+10"]

1. e4 e5 2. Nf3 Nc6 3. Bc4 Bc5 4. c3 Nf6 5. d4 exd4 6. cxd4 Bb4+ 7. Bd2 Bxd2+
8. Nbxd2 d5 9. exd5 Nxd5 10. Qb3 Nce7 11. O-O O-O 12. Ne5 c6 13. Ndf3 Qb6 14.
Qc2 Bf5 15. Qd2 f6 16. Nd3 Kh8 17. a4 a5 18. Ra3 Rad8 19. Rb3 Qc7 20. Re1 b6
21. h3 g5 22. Nc1 Nb4 23. Ne2 Ned5 24. Ng3 Bg6 25. h4 g4 26. h5 Bc2 27. Bxd5
Bxb3 28. Bxb3 gxf3 29. Nf5 Nd5 30. Bxd5 cxd5 31. Re7 Qxe7 32. Nxe7 Rd7 33. Qh6
Rf7 34. Nf5 Rc7 35. gxf3 Kg8 36. Qf4 Kf8 37. Qd6+ Ke8 38. Qxd5 Rcd7 39. Qa8+
Rd8 40. Qc6+ Rfd7 41. Qe6+ Kf8 42. Qxf6+ Kg8 43. Nh6# {thanhnguyen-sea won by
checkmate} 1-0

[Event "Premier"]
[Site "Chess.com"]
[Date "2021.02.13"]
[Round "1"]
[White "Malugu, Satyajit"]
[Black "Chang, Eddie"]
[Result "1/2-1/2"]
[ECO "B50"]
[WhiteElo "2156"]
[BlackElo "1897"]
[PlyCount "105"]
[EventDate "2021.??.??"]
[TimeControl "3600+10"]

1. e4 c5 2. Nf3 d6 3. c3 Nf6 4. Be2 g6 5. O-O Bg7 6. Bb5+ Bd7 7. Bxd7+ Qxd7 8.
Re1 Nc6 9. d4 e5 10. Nbd2 O-O 11. d5 Ne7 12. a4 Nh5 13. Nc4 f5 14. Ng5 Nf6 15.
f3 f4 16. Ne6 Rfc8 17. b3 Ne8 18. Re2 Bf6 19. Qe1 Ng7 20. Nxf4 exf4 21. Bxf4
Ne8 22. Rd1 Bg7 23. e5 dxe5 24. Bxe5 Nf6 25. Qh4 Nf5 26. Qg5 Re8 27. g4 h6 28.
Qxg6 Nh4 29. Qd3 Nxg4 30. Bg3 Rxe2 31. Qxe2 Re8 32. Qd3 Ne3 33. Nxe3 Nxf3+ 34.
Kg2 Nh4+ 35. Bxh4 Rxe3 36. Qxe3 Qg4+ 37. Bg3 Qxd1 38. d6 Qd5+ 39. Kf2 Qxb3 40.
Qe8+ Kh7 41. d7 Qc2+ 42. Kf1 Qd1+ 43. Kf2 Qd2+ 44. Kf1 Qd3+ 45. Kg2 Qd5+ 46.
Kh3 Qf5+ 47. Kg2 Qd5+ 48. Kg1 Bf6 49. h3 Qd1+ 50. Kg2 Qd5+ 51. Kg1 Qd1+ 52. Kg2
Qd5+ 53. Kg1 {Game drawn by repetition} 1/2-1/2

[Event "Premier"]
[Site "Chess.com"]
[Date "2021.02.13"]
[Round "1"]
[White "Perez, Ignacio"]
[Black "Moroney, Tim"]
[Result "1-0"]
[ECO "D90"]
[WhiteElo "2244"]
[BlackElo "2048"]
[PlyCount "129"]
[EventDate "2021.??.??"]
[TimeControl "3600+10"]

1. d4 Nf6 2. Nf3 g6 3. c4 Bg7 4. Nc3 d5 5. h4 h5 6. Bg5 c6 7. e3 O-O 8. Bd3 Bg4
9. Qb3 dxc4 10. Bxc4 Qb6 11. Ne5 Qxb3 12. Bxb3 Bf5 13. f3 Nfd7 14. Nxd7 Bxd7
15. O-O-O Re8 16. g4 hxg4 17. Rdf1 e5 18. fxg4 Be6 19. d5 cxd5 20. Nxd5 Nd7 21.
Ne7+ Rxe7 22. Bxe7 Bxb3 23. axb3 Re8 24. Ba3 e4 25. Rf4 Ne5 26. Kb1 Nf3 27. g5
a5 28. Rd1 b5 29. Bc5 Rc8 30. Bb6 a4 31. bxa4 bxa4 32. Rd8+ Rxd8 33. Bxd8 Nd2+
34. Kc2 Nc4 35. Rxe4 Nxb2 36. Bf6 a3 37. Re8+ Kh7 38. Ra8 Nc4 39. Kd3 Bxf6 40.
gxf6 Ne5+ 41. Kd4 Nf3+ 42. Kd5 Nxh4 43. Rxa3 g5 44. e4 Kg6 45. e5 Kf5 46. Rh3
Ng6 47. Rf3+ Kg4 48. Rf1 Kh3 49. e6 fxe6+ 50. Kxe6 g4 51. f7 g3 52. Rf6 Nf8+
53. Ke7 g2 54. Rh6+ Kg4 55. Kxf8 Kf5 56. Ke7 g1=Q 57. f8=Q+ Ke4 58. Re6+ Kd5
59. Qd8+ Kc4 60. Qc7+ Kb5 61. Qc6+ Ka5 62. Re5+ Kb4 63. Qb5+ Kc3 64. Qc5+ Qxc5+
65. Rxc5+ {CubanKnight67 won by resignation} 1-0

[Event "Invitational"]
[Site "Chess.com"]
[Date "2021.02.13"]
[Round "1"]
[White "Mathews, Dan"]
[Black "Roberts, Teddy"]
[Result "0-1"]
[ECO "C50"]
[WhiteElo "1702"]
[BlackElo "1934"]
[PlyCount "118"]
[EventDate "2021.??.??"]
[TimeControl "3600+10"]

1. e4 e5 2. Nf3 Nc6 3. Bc4 Bc5 4. O-O d6 5. h3 Nf6 6. Nc3 h6 7. d3 Be6 8. Bxe6
fxe6 9. Be3 Bb6 10. Bxb6 axb6 11. a3 O-O 12. Ne2 Qe8 13. Ng3 Nh5 14. Nxh5 Qxh5
15. c3 Rf6 16. Nh2 Qf7 17. Qe2 Rf8 18. f3 h5 19. Rf2 Ne7 20. h4 Qg6 21. g4 hxg4
22. Nxg4 R6f7 23. Raf1 Qh5 24. f4 Kh8 25. fxe5 Rxf2 26. Rxf2 Rxf2 27. Kxf2 dxe5
28. d4 Qxh4+ 29. Kg1 Qg3+ 30. Qg2 Qxg2+ 31. Kxg2 exd4 32. cxd4 Nc6 33. d5 exd5
34. exd5 Ne7 35. Ne3 g5 36. Kf3 Kg7 37. Ke4 Kf6 38. Ng4+ Kg6 39. Ke5 Kh5 40.
Nf6+ Kg6 41. Ng4 Kf7 42. Nh6+ Ke8 43. Ke6 Ng6 44. Kf5 Nf4 45. Kxg5 Nxd5 46. Kf5
Ne3+ 47. Ke4 Nc4 48. b3 Nxa3 49. Kd4 Nb5+ 50. Kc4 Nd6+ 51. Kc3 Kd7 52. Ng4 Ke6
53. Ne3 b5 54. Kb4 b6 55. Kc3 c5 56. Ng4 Kf5 57. Ne3+ Ke4 58. Ng4 Kf4 59. Nf6
Ne4+ {tmr68rocks won by resignation} 0-1

[Event "Invitational"]
[Site "Chess.com"]
[Date "2021.02.13"]
[Round "1"]
[White "Leslie, Cameron"]
[Black "Bian, Erin"]
[Result "0-1"]
[ECO "A23"]
[WhiteElo "2030"]
[BlackElo "1795"]
[PlyCount "58"]
[EventDate "2021.??.??"]
[TimeControl "3600+10"]

1. c4 e5 2. Nc3 Nf6 3. g3 c6 4. Nf3 e4 5. Nd4 Qb6 6. Nb3 a5 7. d3 a4 8. Nd2
exd3 9. Bg2 Bc5 10. O-O O-O 11. exd3 Qa5 12. a3 d5 13. Nf3 dxc4 14. d4 Bb6 15.
Bg5 Nbd7 16. Qe2 h6 17. Be3 Nd5 18. Nd2 Nxc3 19. bxc3 Qf5 20. Qxc4 Nf6 21. Qe2
Re8 22. Nc4 Bc7 23. Qd2 Be6 24. Nb2 Bd5 25. f3 Re7 26. Rae1 Rae8 27. c4 Be6 28.
Bf2 Ba5 29. Qc3 Bxc3 {ErinBian won by resignation} 0-1

[Event "Invitational"]
[Site "Chess.com"]
[Date "2021.02.13"]
[Round "1"]
[White "Bell, Harry"]
[Black "Colombo, Dominic"]
[Result "1-0"]
[ECO "D74"]
[WhiteElo "2000"]
[BlackElo "1960"]
[PlyCount "65"]
[EventDate "2021.??.??"]
[TimeControl "3600+10"]

1. c4 Nf6 2. d4 g6 3. Nf3 Bg7 4. g3 d5 5. Bg2 O-O 6. cxd5 Nxd5 7. e4 Nb6 8. O-O
Bg4 9. d5 c6 10. h3 Bd7 11. Nc3 cxd5 12. exd5 Qc8 13. Re1 Re8 14. d6 exd6 15.
Rxe8+ Qxe8 16. Qxd6 Nc6 17. Bf4 Nc4 18. Qc7 Nxb2 19. Re1 Qc8 20. Nd5 Qxc7 21.
Nxc7 Rc8 22. Nb5 Nd3 23. Rd1 Ncb4 24. Nd6 Rb8 25. Be3 Ba4 26. Rf1 b6 27. Ng5
Bf8 28. Ngxf7 Nxa2 29. Bd5 Nab4 30. Nh6+ Kg7 31. Bd4+ Kxh6 32. Nf7+ Kh5 33.
Bf3# {hbell11 won by checkmate} 1-0

[Event "Invitational"]
[Site "Chess.com"]
[Date "2021.02.13"]
[Round "1"]
[White "Anoop, Pranav K."]
[Black "Zhang, Victor"]
[Result "0-1"]
[ECO "B86"]
[WhiteElo "1951"]
[BlackElo "1734"]
[PlyCount "50"]
[EventDate "2021.??.??"]
[TimeControl "3600+10"]

1. e4 c5 2. Nf3 d6 3. d4 cxd4 4. Nxd4 Nf6 5. Nc3 a6 6. Bc4 e6 7. Bb3 Be7 8. g4
O-O 9. g5 Ne8 10. f4 b5 11. Be3 Nc7 12. Qf3 Bb7 13. O-O-O Nd7 14. f5 b4 15.
fxe6 fxe6 16. Qh3 bxc3 17. Nxe6 cxb2+ 18. Kb1 Nxe6 19. Bxe6+ Kh8 20. g6 Bh4 21.
Bxd7 Bxe4 22. Rd4 d5 23. Bc6 Rc8 24. Rhd1 Rf3 25. Qg4 Rxe3 {arbok2008 won by
resignation} 0-1

[Event "Championship"]
[Site "Chess.com"]
[Date "2021.02.13"]
[Round "2"]
[White "Lee, Megan"]
[Black "Sang, Tian"]
[Result "1/2-1/2"]
[ECO "C63"]
[WhiteElo "2329"]
[BlackElo "2344"]
[PlyCount "212"]
[EventDate "2021.??.??"]
[TimeControl "3600+10"]

1. e4 e5 2. Nf3 Nc6 3. Bb5 f5 4. d3 fxe4 5. dxe4 Nf6 6. Nc3 Bb4 7. O-O Bxc3 8.
bxc3 O-O 9. Qe2 Qe8 10. Be3 Kh8 11. Nd2 d6 12. f3 Bd7 13. Rab1 Nh5 14. Bd3 b6
15. Rfd1 Nf4 16. Bxf4 exf4 17. Bb5 Ne5 18. Bxd7 Qxd7 19. Nc4 Rae8 20. Nb2 Qc6
21. Qd2 Ng6 22. Qd4 Re5 23. Nd3 Rg5 24. Kf2 Ra5 25. Rb2 Qe8 26. Re1 Qe7 27. Ke2
Qg5 28. Qf2 Qh5 29. h3 Ra4 30. Kd2 Qa5 31. Nc1 Ne5 32. Rb3 Nc4+ 33. Ke2 Ne3 34.
Kd2 d5 35. e5 d4 36. Ke2 Qa6+ 37. Kd2 Rd8 38. cxd4 Nc4+ 39. Kc3 Qa5+ 40. Kd3
Nxe5+ 41. Ke2 Qa6+ 42. Nd3 Raxd4 43. Kf1 Nxd3 44. cxd3 Rxd3 45. Rxd3 Qxd3+ 46.
Kg1 h6 47. Qh4 Qd4+ 48. Kh2 Qf6 49. Qf2 c5 50. Re4 Qg5 51. Qe2 Kh7 52. Qc2 Qg3+
53. Kg1 Qg6 54. Qc1 Qd6 55. Kh2 g5 56. Qc2 Kg7 57. Qc3+ Kg8 58. Qe1 Rd7 59. Re6
Qd5 60. Re5 Qf7 61. Re8+ Kg7 62. Qe5+ Kg6 63. Qh8 Qf6 64. Qg8+ Rg7 65. Qd5 Re7
66. Qg8+ Rg7 67. Qd5 Re7 68. Rd8 Qe6 69. Qd3+ Kg7 70. Rd6 Qf7 71. Qc3+ Kg8 72.
Rxh6 Qg7 73. Qc4+ Qf7 74. Rg6+ Kh7 75. Qxf7+ Rxf7 76. Rxg5 c4 77. Re5 Rc7 78.
Kg1 c3 79. Re1 b5 80. Kf2 b4 81. Rc1 a5 82. Ke2 Rd7 83. Rd1 Rg7 84. Rg1 Rd7 85.
Rd1 Rxd1 86. Kxd1 a4 87. Kc2 Kg6 88. a3 b3+ 89. Kxc3 Kg5 90. Kb2 Kh4 91. Kc3
Kg3 92. Kb2 Kxg2 93. h4 Kxf3 94. h5 Ke2 95. h6 f3 96. h7 f2 97. h8=Q f1=Q 98.
Qe5+ Kf3 99. Qf5+ Ke2 100. Qe4+ Kd2 101. Qxa4 Qc1+ 102. Kxb3 Qb1+ 103. Kc4 Qe4+
104. Kb5 Qe8+ 105. Ka5 Qa8+ 106. Kb4 Qe4+ {Game drawn by agreement} 1/2-1/2

[Event "Championship"]
[Site "Chess.com"]
[Date "2021.02.13"]
[Round "2"]
[White "Vijayakumar, Advaith"]
[Black "Levine, Joseph"]
[Result "0-1"]
[ECO "D04"]
[WhiteElo "2026"]
[BlackElo "2179"]
[PlyCount "90"]
[EventDate "2021.??.??"]
[TimeControl "3600+10"]

1. d4 d5 2. Nf3 Nf6 3. e3 Bf5 4. Be2 Nbd7 5. O-O c5 6. c4 e6 7. Nc3 a6 8. Nh4
Bg6 9. Nxg6 hxg6 10. Bf3 dxc4 11. Qa4 Qc7 12. g3 cxd4 13. exd4 Rb8 14. d5 e5
15. Be3 Bd6 16. Rac1 Qc8 17. h4 b5 18. Qd1 Nc5 19. Kg2 e4 20. Be2 Nd3 21. Nxe4
Nxe4 22. Bxd3 Nf6 23. Bd4 O-O 24. Qf3 Qb7 25. Bxf6 gxf6 26. Bb1 Be5 27. h5 f5
28. Rh1 Bxb2 29. Rcd1 Rbd8 30. Rh4 Rd6 31. Rf4 Rfd8 32. Bxf5 gxf5 33. Rxf5 Bg7
34. Rg5 Kh8 35. Rf5 Rf8 36. Qf4 Qd7 37. g4 c3 38. g5 c2 39. Rc1 Rxd5 40. Rxd5
Qxd5+ 41. Kh3 Bb2 42. Rg1 c1=Q 43. Rxc1 Bxc1 44. Qf6+ Kg8 45. h6 Qe6+ {
ClydeHillKid won by resignation} 0-1

[Event "Championship"]
[Site "Chess.com"]
[Date "2021.02.13"]
[Round "2"]
[White "He, Anthony"]
[Black "Mahajan, Rushaan"]
[Result "1-0"]
[ECO "B15"]
[WhiteElo "2500"]
[BlackElo "2221"]
[PlyCount "47"]
[EventDate "2021.??.??"]
[TimeControl "3600+10"]

1. e4 c6 2. d4 d5 3. Nc3 dxe4 4. Nxe4 Nf6 5. Nxf6+ exf6 6. c3 Bd6 7. Bd3 O-O 8.
Qc2 Re8+ 9. Ne2 h5 10. O-O h4 11. Nf4 Nd7 12. Qd1 Nf8 13. Qh5 f5 14. Bd2 g6 15.
Qh6 Nh7 16. Bc4 Bxf4 17. Bxf7+ Kxf7 18. Qxh7+ Ke6 19. Qxg6+ Kd5 20. Bxf4 Be6
21. Rfe1 Qd7 22. Re5+ Kc4 23. Rc5+ Kd3 24. Qh5 {0gZPanda won by resignation}
1-0

[Event "Championship"]
[Site "Chess.com"]
[Date "2021.02.13"]
[Round "2"]
[White "Readey, John"]
[Black "Koons, Nat"]
[Result "1/2-1/2"]
[ECO "D07"]
[WhiteElo "2289"]
[BlackElo "2290"]
[PlyCount "74"]
[EventDate "2021.??.??"]
[TimeControl "3600+10"]

1. d4 d5 2. c4 dxc4 3. e4 Nc6 4. Nf3 Bg4 5. Bxc4 e6 6. Be3 Nf6 7. Nc3 Bb4 8. d5
Bxf3 9. gxf3 exd5 10. exd5 Bxc3+ 11. bxc3 Ne5 12. Bb5+ Kf8 13. f4 Ng6 14. c4
Qd6 15. Qd2 a6 16. Ba4 Nh4 17. Ke2 Nf5 18. Qd3 g6 19. Rhd1 b6 20. Rac1 Kg7 21.
Bc6 Rad8 22. Qc3 Rhe8 23. Bxe8 Rxe8 24. Kf1 Kg8 25. c5 bxc5 26. Qxc5 Qd7 27.
Rc3 Ne4 28. Qc6 Qd8 29. Rc2 Re6 30. Qxc7 Qh4 31. dxe6 Nxe3+ 32. fxe3 Qh3+ 33.
Ke2 Qh5+ 34. Kd3 Qd5+ 35. Ke2 Qh5+ 36. Ke1 Qh4+ 37. Ke2 Qh5+ {Game drawn by
repetition} 1/2-1/2

[Event "Championship"]
[Site "Chess.com"]
[Date "2021.02.13"]
[Round "2"]
[White "Porter, Ryan"]
[Black "Airapetian, Chouchanik"]
[Result "1-0"]
[ECO "A24"]
[WhiteElo "2310"]
[BlackElo "2104"]
[PlyCount "123"]
[EventDate "2021.??.??"]
[TimeControl "3600+10"]

1. c4 Nf6 2. g3 g6 3. Bg2 Bg7 4. Nc3 O-O 5. e4 e5 6. Nge2 Nc6 7. O-O Nd4 8.
Nxd4 exd4 9. Nd5 d6 10. d3 c6 11. Nxf6+ Qxf6 12. f4 Bd7 13. f5 Qd8 14. Qf3 f6
15. h4 Rc8 16. Bh3 Rc7 17. Bf4 gxf5 18. exf5 Be8 19. Qe4 c5 20. Qe6+ Bf7 21.
Qxd6 Rd7 22. Qxc5 Re8 23. Qb4 Rde7 24. Rfe1 Bf8 25. Qd2 b6 26. Kf2 a5 27. Rxe7
Bxe7 28. Re1 Qd7 29. Re2 b5 30. b3 a4 31. Qe1 axb3 32. axb3 bxc4 33. bxc4 Kg7
34. g4 Qd8 35. Bg2 Qd7 36. Kg3 Bd6 37. Rxe8 Bxe8 38. Qe4 Bc5 39. Qb7 Qxb7 40.
Bxb7 Ba4 41. g5 Bd1 42. Be4 Bh5 43. Bc7 Be8 44. Kf4 Kf7 45. Bd5+ Kg7 46. Ke4
Be7 47. Bf4 h5 48. Kxd4 Bd7 49. Ke4 Bb4 50. gxf6+ Kxf6 51. Bg5+ Kg7 52. d4 Ba4
53. Ke5 Be8 54. c5 Be1 55. Be6 Bg3+ 56. Kd5 Bh2 57. Kc4 Bg3 58. d5 Be5 59. d6
Kf8 60. d7 Bxd7 61. Bxd7 Bc7 62. Kd5 {retropwr won by resignation} 1-0

[Event "Premier"]
[Site "Chess.com"]
[Date "2021.02.13"]
[Round "2"]
[White "Moroney, Tim"]
[Black "Anand, Vignesh"]
[Result "1-0"]
[ECO "B51"]
[WhiteElo "2048"]
[BlackElo "2085"]
[PlyCount "71"]
[EventDate "2021.??.??"]
[TimeControl "3600+10"]

1. e4 c5 2. Nf3 d6 3. Bb5+ Nd7 4. c4 Ngf6 5. Nc3 g6 6. d4 cxd4 7. Nxd4 Bg7 8.
O-O O-O 9. Bxd7 Bxd7 10. Qe2 Rc8 11. Rd1 Qb6 12. Be3 Qa6 13. b3 b5 14. Ndxb5
Bxb5 15. Nxb5 Nxe4 16. Bd4 Qb7 17. Nxa7 e5 18. Bb2 Rcd8 19. Nb5 f5 20. Rd5 Qb6
21. a4 Nf6 22. a5 Qc6 23. Rdd1 f4 24. Rxd6 Rxd6 25. Nxd6 Qxd6 26. Ba3 Qd4 27.
Rd1 Qc3 28. Bxf8 Bxf8 29. a6 Qxb3 30. Ra1 Qc3 31. Qe1 Qxe1+ 32. Rxe1 Bc5 33.
Rxe5 Bxf2+ 34. Kxf2 Ng4+ 35. Ke2 Nxe5 36. a7 {othychess won by resignation} 1-0

[Event "Premier"]
[Site "Chess.com"]
[Date "2021.02.13"]
[Round "2"]
[White "Chang, Eddie"]
[Black "Nguyen, Thanh"]
[Result "0-1"]
[ECO "E60"]
[WhiteElo "1897"]
[BlackElo "2053"]
[PlyCount "88"]
[EventDate "2021.??.??"]
[TimeControl "3600+10"]

1. d4 Nf6 2. c4 g6 3. h4 h5 4. Nc3 d5 5. Bg5 dxc4 6. e4 Nc6 7. e5 Ng4 8. Nf3
Bh6 9. Bxc4 Bxg5 10. hxg5 Bf5 11. Qd2 Qd7 12. Rd1 O-O-O 13. Bb5 a6 14. Bxc6
Qxc6 15. Qe2 f6 16. gxf6 exf6 17. d5 Qc5 18. e6 Rhe8 19. Nd4 Ne5 20. Nxf5 gxf5
21. Qxh5 Qb4 22. Rd2 Qf4 23. Ne2 Qe4 24. f3 Nd3+ 25. Rxd3 Qxd3 26. Nc3 c6 27.
Qf7 cxd5 28. Rh7 Qe3+ 29. Kf1 Qc1+ 30. Kf2 Qxb2+ 31. Kf1 Kb8 32. a4 d4 33. Nb5
Qc1+ 34. Kf2 Qc6 35. Nc7 Rg8 36. g3 Rc8 37. Nxa6+ Qxa6 38. e7 Qb6 39. Kg2 Qc7
40. f4 Qxf4 41. Qb3 Qe4+ 42. Kg1 Rc1+ 43. Kf2 Qe1+ 44. Kg2 Qf1+ {
thanhnguyen-sea won by resignation} 0-1

[Event "Premier"]
[Site "Chess.com"]
[Date "2021.02.13"]
[Round "2"]
[White "Whale, Nicholas"]
[Black "Razmov, Valentin"]
[Result "1-0"]
[ECO "C29"]
[WhiteElo "2074"]
[BlackElo "1986"]
[PlyCount "129"]
[EventDate "2021.??.??"]
[TimeControl "3600+10"]

1. e4 e5 2. Nc3 Nf6 3. f4 d5 4. fxe5 Nxe4 5. Qf3 Nxc3 6. bxc3 c5 7. Qg3 f6 8.
d4 Nc6 9. Bb5 Bd7 10. Bxc6 Bxc6 11. Nf3 Bb5 12. Rb1 Ba6 13. Kf2 Qc7 14. Qg4 Qd7
15. e6 Qe7 16. Qh5+ g6 17. Qxd5 Rd8 18. Qb3 Qd6 19. Re1 Be7 20. Ba3 c4 21. Qa4+
Qc6 22. Qxc6+ bxc6 23. Bxe7 Kxe7 24. Rb4 Bb5 25. a4 Ba6 26. Rbb1 Rd6 27. Nd2
Rxe6 28. Ne4 Bc8 29. Rb8 Kd8 30. Nd2 Rxe1 31. Kxe1 Kc7 32. Rb4 Re8+ 33. Kf2 Ba6
34. Nxc4 Bxc4 35. Rxc4 Kd6 36. Rb4 Re7 37. a5 Rc7 38. Ke3 c5 39. Rb5 cxd4+ 40.
Kxd4 h5 41. Rd5+ Ke6 42. Rc5 Rb7 43. Rc6+ Ke7 44. a6 Rd7+ 45. Kc4 Rd2 46. Rc7+
Kd6 47. Rxa7 Rxc2 48. Ra8 Kc7 49. a7 Kb7 50. Rg8 Kxa7 51. Rxg6 Rf2 52. Kb5 Kb7
53. Rg7+ Kc8 54. c4 Re2 55. c5 Re6 56. Rh7 Re5 57. Kb6 Re2 58. Rh8+ Kd7 59. c6+
Kd6 60. Rd8+ Ke7 61. c7 Rb2+ 62. Ka5 Ra2+ 63. Kb4 Rb2+ 64. Ka3 Rc2 65. c8=Q {
CheeseBreadFuzzyHead won by resignation} 1-0

[Event "Premier"]
[Site "Chess.com"]
[Date "2021.02.13"]
[Round "2"]
[White "Haining, Kyle"]
[Black "Malugu, Satyajit"]
[Result "1-0"]
[ECO "B48"]
[WhiteElo "2288"]
[BlackElo "2156"]
[PlyCount "51"]
[EventDate "2021.??.??"]
[TimeControl "3600+10"]

1. e4 c5 2. Nf3 e6 3. d4 cxd4 4. Nxd4 Nc6 5. Nc3 Qc7 6. Be3 a6 7. Qd2 Nf6 8. f3
Be7 9. O-O-O b5 10. g4 Nxd4 11. Bxd4 Bb7 12. g5 Nh5 13. Be5 Qxe5 14. Qxd7+ Kf8
15. Qxb7 Bxg5+ 16. Kb1 Qb8 17. Qc6 g6 18. Rd7 Nf6 19. Rb7 Qe5 20. Bxb5 Kg7 21.
Bxa6 Rhc8 22. Rxf7+ Kxf7 23. Bxc8 Rb8 24. Rd1 Be3 25. Bxe6+ Kg7 26. Qd6 {
5sight won by resignation} 1-0